Comets vs Rocket
Created - December 27, 2022 at 19:25
Goals
|
| Comets |
2 |
1 |
5 |
8 |
| Rocket |
2 |
1 |
1 |
4 |
|
Shots
|
| Comets |
10 |
15 |
20 |
45 |
| Rocket |
21 |
9 |
11 |
41 |
|
1st period
1. Comets , Nicolas Petan 14 (Juuso Riikola 5, Mackenzie MacEachern 4) at 11:03
2. Rocket , Jiri Sekac 12 (Peter Holland 17, Scott Wilson 14) at 11:41
3. Rocket , Peter Holland 11 (Scott Wilson 15) at 15:42
4. Comets , Hudson Fasching 6 (Nicolas Petan 4, Phil Di Giuseppe 8) at 16:17
Penalties :
Oliver Kylington (Uti) for Hooking (Minor) at 19:07
2nd period
5. Rocket , Corey Trivino 9 (Viktor Loov 12) at 11:28
6. Comets , Teemu Pulkkinen 12 (Andrej Nestrasil 22, Dennis Everberg 21) at 12:06 (PP)
Penalties :
Adrian Kempe (Lav) for Roughing (Minor) at 5:25, Danton Heinen (Lav) for Slashing (Minor) at 11:49, Dan Renouf (Uti) for Hooking (Minor) at 13:30
3rd period
7. Comets , Andrej Nestrasil 9 (Teemu Pulkkinen 11) at 1:41
8. Comets , Nicolas Petan 15 (Phil Di Giuseppe 9, Hudson Fasching 10) at 5:15
9. Comets , Chandler Stephenson 7 (Juho Lammikko 8, Dan Renouf 3) at 11:51
10. Comets , Hudson Fasching 7 (Phil Di Giuseppe 10, Dan Renouf 4) at 12:31
11. Rocket , Jakub Vrana 5 (Dominic Turgeon 7, Dylan DeMelo 7) at 18:24
12. Comets , Teemu Pulkkinen 13 (Andrej Nestrasil 23, Dennis Everberg 22) at 18:34
Penalties :
Corey Trivino (Lav) for High sticking (Minor) at 2:05, Jack Glover (Lav) for Cross-checking (Minor) at 9:36
Goalie Stats
Thatcher Demko (Uti), 37 saves from 41 shots - (0.902), W, 7-5-0, 60:00 minutes
Igor Shesterkin (Lav), 37 saves from 45 shots - (0.822), L, 12-3-2, 60:00 minutes
Players Stats for Comets
Player Name G A P +/- PIM S H SB GA TA FO MP PP MP PK MP
------------------------------------------------------------------------------------
Adam Ollas-Mattsson 0 0 0 2 0 0 1 0 0 0 0/0 8:53 0:00 0:00
Andrej Nestrasil 1 2 3 1 0 6 4 0 0 2 19/39 22:41 3:28 0:54
Anton Karlsson 0 0 0 0 0 0 0 0 0 0 0/0 0:50 0:00 0:24
Anton Zlobin 0 0 0 0 0 0 0 0 0 0 0/0 0:00 0:00 0:00
Chandler Stephenson 1 0 1 0 0 2 2 0 1 1 1/5 10:52 0:00 0:00
Dan Renouf 0 2 2 -1 2 1 0 1 0 0 0/0 17:36 2:17 0:14
Daniil Miromanov 0 0 0 0 0 0 0 1 0 0 0/0 6:42 0:00 0:00
Dennis Everberg 0 2 2 1 0 2 1 3 1 0 3/6 23:31 3:28 2:40
Hudson Fasching 2 1 3 2 0 3 1 1 1 0 0/1 15:07 2:46 0:00
Juho Lammikko 0 1 1 0 0 3 1 0 1 0 1/1 10:52 0:00 0:00
Juuso Riikola 0 1 1 2 0 3 1 4 0 0 0/0 27:18 3:57 2:57
Kurtis Macdermid 0 0 0 0 0 1 2 0 0 1 0/0 10:52 0:00 0:00
Lane Pederson 0 0 0 0 0 0 0 0 0 0 0/0 0:18 0:00 0:00
Mackenzie MacEachern 0 1 1 0 0 4 0 0 0 0 0/0 7:50 0:00 0:00
Michael Joly 0 0 0 0 0 3 0 0 0 0 0/0 7:50 0:00 0:00
Nicolas Petan 2 1 3 2 0 4 1 0 0 0 2/7 17:05 2:46 0:54
Oliver Kylington 0 0 0 -1 2 1 0 0 0 1 0/0 15:51 2:17 0:47
Phil Di Giuseppe 0 3 3 2 0 2 1 0 0 1 1/1 15:07 2:46 0:00
Rasmus Asplund 0 0 0 0 0 0 0 0 0 0 0/0 0:00 0:00 0:00
Sami Niku 0 0 0 2 0 0 0 2 0 0 0/0 11:00 0:00 1:01
Scott Harrington 0 0 0 2 0 2 1 1 0 1 0/0 27:18 3:57 2:57
Teemu Pulkkinen 2 1 3 1 0 5 0 1 1 2 1/4 23:31 3:28 2:40
Tyler Graovac 0 0 0 0 0 3 0 0 1 0 2/4 7:50 0:00 0:00
William Lagesson 0 0 0 0 0 0 0 1 0 0 0/0 6:42 0:00 0:00
William Lockwood 0 0 0 0 0 0 0 0 0 0 0/0 0:24 0:00 0:24
Players Stats for Rocket
Player Name G A P +/- PIM S H SB GA TA FO MP PP MP PK MP
------------------------------------------------------------------------------------
Adrian Kempe 0 0 0 -2 2 8 2 0 0 1 1/3 21:16 2:24 0:18
Andrei Mironov 0 0 0 -3 0 1 1 3 0 0 0/0 26:41 2:28 3:01
Andrey Pedan 0 0 0 -1 0 2 3 2 2 1 0/0 21:58 1:30 3:26
Corey Trivino 1 0 1 -2 2 3 0 2 0 0 21/39 20:49 2:24 0:11
Danton Heinen 0 0 0 -2 2 4 1 1 3 0 1/2 20:28 2:24 0:00
Dean Kukan 0 0 0 0 0 1 0 5 0 3 0/0 14:12 0:00 0:38
Dominic Turgeon 0 1 1 1 0 1 1 0 0 0 2/2 12:16 0:00 1:34
Dylan DeMelo 0 1 1 -1 0 0 0 0 0 0 0/0 20:10 1:30 3:22
Jack Glover 0 0 0 0 2 3 1 0 0 0 0/0 15:52 0:00 2:01
Jakub Vrana 1 0 1 1 0 3 1 0 1 0 0/1 12:02 0:00 1:32
Jiri Sekac 1 0 1 -2 0 3 4 0 1 0 0/0 17:09 1:34 1:41
Karson Kuhlman 0 0 0 0 0 2 2 0 1 0 4/9 11:41 0:00 3:41
Kole Sherwood 0 0 0 0 0 2 1 0 0 0 0/0 7:50 0:00 0:00
Peter Holland 1 1 2 -2 0 5 0 1 0 0 8/11 14:27 1:34 0:00
Scott Wilson 0 2 2 -2 0 1 2 1 0 1 1/1 18:06 1:34 3:31
Sergey Tolchinsky 0 0 0 0 0 1 0 0 0 0 0/0 7:50 0:00 0:00
Ty Rattie 0 0 0 1 0 0 1 0 0 0 0/0 9:41 0:00 0:00
Viktor Loov 0 1 1 -1 0 1 1 1 1 0 0/0 21:14 2:28 0:00
3 Stars
1 - Hudson Fasching (Uti)
2 - Nicolas Petan (Uti)
3 - Teemu Pulkkinen (Uti)
Power Play
Comets - 1 on 4 Attempt(s) - 25.00%
Rocket - 0 on 2 Attempt(s) - 0.00%
Penalty Kill
Comets - 2 on 2 Attempt(s) - 100.00%
- Score 0 goal in Penalty Kill
Rocket - 3 on 4 Attempt(s) - 75.00%
- Score 0 goal in Penalty Kill
Team Stat
Comets - Hits : 16 - Faceoff Wins : 30 - Blocked Shots : 15 - Penalty Minutes : 4
Rocket - Hits : 21 - Faceoff Wins : 38 - Blocked Shots : 16 - Penalty Minutes : 8
Official
Referees : Chris Rooney and Ghislain Hebert
Linesman : Tyson Baker and Kiel Murchison
Game Notes
No Game Note
Finance
Level 1 -- Attendance: 1702 (85.10%) -- Ticket Income $59,570
Level 2 -- Attendance: 975 (97.50%) -- Ticket Income $14,625
Total Attendance: 2677 (89.23%)
Total Ticket Income: $74,195
Other Income: $3,710
Total Income: $77,905
Comets
5 vs 5 Forward
Center Left Wing Right Wing Time % Phy DF OF
1 Andrej Nestrasil Teemu Pulkkinen Dennis Everberg 40 1 2 2
2 Nicolas Petan Phil Di Giuseppe Hudson Fasching 30 1 2 2
3 Chandler Stephenson Kurtis Macdermid Juho Lammikko 20 1 2 2
4 Tyler Graovac Mackenzie MacEachern Michael Joly 10 1 2 2
5 vs 5 Defense
Defense Defense Time % Phy DF OF
1 Scott Harrington Juuso Riikola 40 1 2 2
2 Oliver Kylington Dan Renouf 30 1 2 2
3 Adam Ollas-Mattsson Sami Niku 20 1 2 2
4 William Lagesson Daniil Miromanov 10 1 2 2
PowerPlay Forward
Center Left Wing Right Wing Time % Phy DF OF
1 Andrej Nestrasil Teemu Pulkkinen Dennis Everberg 60 1 2 2
2 Nicolas Petan Phil Di Giuseppe Hudson Fasching 40 1 2 2
PowerPlay Defense
Defense Defense Time % Phy DF OF
1 Scott Harrington Juuso Riikola 60 1 2 2
2 Oliver Kylington Dan Renouf 40 1 2 2
Penalty Kill 4 Players Forward
Center Wing Time % Phy DF OF
1 Dennis Everberg Teemu Pulkkinen 60 1 2 2
2 Andrej Nestrasil Nicolas Petan 40 1 2 2
Penalty Kill 4 Players Defense
Defense Defense Time % Phy DF OF
1 Scott Harrington Juuso Riikola 60 1 2 2
2 Oliver Kylington Dan Renouf 40 1 2 2
Penalty Kill - 3 Players Forward
Forward Time % Phy DF OF
1 Dennis Everberg 60 1 2 2
2 Teemu Pulkkinen 40 1 2 2
Penalty Kill - 3 Players Defense
Defense Defense Time % Phy DF OF
1 Scott Harrington Juuso Riikola 60 1 2 2
2 Oliver Kylington Dan Renouf 40 1 2 2
4 vs 4 Forward
Center Wing Time % Phy DF OF
1 Dennis Everberg Teemu Pulkkinen 60 1 2 2
2 Andrej Nestrasil Nicolas Petan 40 1 2 2
4 vs 4 Defense
Defense Defense Time % Phy DF OF
1 Scott Harrington Juuso Riikola 60 1 2 2
2 Oliver Kylington Dan Renouf 40 1 2 2
Last Minutes Offensive
Center Left Wing Right Wing Defense Defense
Andrej Nestrasil Teemu Pulkkinen Dennis Everberg Scott Harrington Juuso Riikola
Last Minutes Defensive
Center Left Wing Right Wing Defense Defense
Andrej Nestrasil Teemu Pulkkinen Dennis Everberg Scott Harrington Juuso Riikola
Goaltenders
Starting : Thatcher Demko
Backup : Marek Langhamer
Extra Forwards
Normal : Anton Karlsson, Lane Pederson, William Lockwood - PP : Anton Karlsson, Lane Pederson - PK : William Lockwood
Extra Defensemen
Normal : Adam Ollas-Mattsson, Sami Niku, William Lagesson - PP : Adam Ollas-Mattsson - PK : Sami Niku, William Lagesson
Penalty Shots
Dennis Everberg, Teemu Pulkkinen, Andrej Nestrasil, Nicolas Petan, Hudson Fasching
Scratches
Jaret Anderson-Dolan (Healthy), Justin Bailey (Left Knee Injury), Jack Rathbone (Healthy), Oskar Steen (Healthy), Dmitry Sokolov (Healthy)
Michael Dipietro (Healthy), Casey DeSmith (Healthy)
Rocket
5 vs 5 Forward
Center Left Wing Right Wing Time % Phy DF OF
1 Corey Trivino Adrian Kempe Danton Heinen 40 0 1 4
2 Peter Holland Jiri Sekac Scott Wilson 30 0 1 4
3 Dominic Turgeon Jakub Vrana Ty Rattie 20 0 2 3
4 Karson Kuhlman Sergey Tolchinsky Kole Sherwood 10 1 2 2
5 vs 5 Defense
Defense Defense Time % Phy DF OF
1 Viktor Loov Andrei Mironov 40 0 3 2
2 Andrey Pedan Dylan DeMelo 30 0 3 2
3 Dean Kukan Jack Glover 20 0 3 2
4 Andrei Mironov Andrey Pedan 10 0 3 2
PowerPlay Forward
Center Left Wing Right Wing Time % Phy DF OF
1 Corey Trivino Adrian Kempe Danton Heinen 60 0 1 4
2 Peter Holland Jiri Sekac Scott Wilson 40 0 1 4
PowerPlay Defense
Defense Defense Time % Phy DF OF
1 Andrei Mironov Viktor Loov 60 0 1 4
2 Andrey Pedan Dylan DeMelo 40 0 1 4
Penalty Kill 4 Players Forward
Center Wing Time % Phy DF OF
1 Karson Kuhlman Scott Wilson 60 0 4 1
2 Dominic Turgeon Jiri Sekac 40 0 4 1
Penalty Kill 4 Players Defense
Defense Defense Time % Phy DF OF
1 Jack Glover Dylan DeMelo 60 0 5 0
2 Andrey Pedan Andrei Mironov 40 0 5 0
Penalty Kill - 3 Players Forward
Forward Time % Phy DF OF
1 Dominic Turgeon 60 0 5 0
2 Karson Kuhlman 40 0 5 0
Penalty Kill - 3 Players Defense
Defense Defense Time % Phy DF OF
1 Viktor Loov Dean Kukan 60 0 5 0
2 Andrey Pedan Andrei Mironov 40 0 5 0
4 vs 4 Forward
Center Wing Time % Phy DF OF
1 Peter Holland Danton Heinen 60 1 2 2
2 Corey Trivino Adrian Kempe 40 1 2 2
4 vs 4 Defense
Defense Defense Time % Phy DF OF
1 Viktor Loov Dean Kukan 60 1 2 2
2 Andrey Pedan Andrei Mironov 40 1 2 2
Last Minutes Offensive
Center Left Wing Right Wing Defense Defense
Corey Trivino Adrian Kempe Danton Heinen Andrey Pedan Dylan DeMelo
Last Minutes Defensive
Center Left Wing Right Wing Defense Defense
Corey Trivino Jiri Sekac Danton Heinen Andrei Mironov Andrey Pedan
Goaltenders
Starting : Igor Shesterkin
Backup : Eamon McAdam
Extra Forwards
Normal : Jiri Sekac, Dominic Turgeon, Jakub Vrana - PP : Jiri Sekac, Dominic Turgeon - PK : Jakub Vrana
Extra Defensemen
Normal : Dylan DeMelo, Jack Glover, Andrey Pedan - PP : Dylan DeMelo - PK : Jack Glover, Andrey Pedan
Penalty Shots
Scott Wilson, Danton Heinen, Corey Trivino, Peter Holland, Adrian Kempe
Scratches
Branden Troock (Healthy), Brandon Pirri (Herniated Disc Injury), Dalton Smith (Healthy), Daniel Sprong (Healthy), Reese Johnson (Healthy)
Guillaume Brisebois (Healthy), Mason Appleton (Healthy), Ryan Collins (Healthy), Tyler Lewington (Healthy), MacKenzie Entwistle (Healthy)
Luke Kunin (Healthy), Mikhail Maltsev (Healthy)
% Time on Ice - Comets
Lines # - Real PCT - Wanted PCT - Time Play
Normal Forward
1 - 35% - 40% - 17:23
2 - 28% - 30% - 13:43
3 - 22% - 20% - 10:52
4 - 16% - 10% - 7:50
Normal Defense
1 - 41% - 40% - 20:24
2 - 28% - 30% - 13:49
3 - 18% - 20% - 8:53
4 - 13% - 10% - 6:42
PP Forward
1 - 56% - 60% - 3:28
2 - 44% - 40% - 2:46
PP Defense
1 - 63% - 60% - 3:57
2 - 37% - 40% - 2:17
PK Forward
1 - 77% - 60% - 3:04
2 - 23% - 40% - 0:54
PK Defense
1 - 74% - 60% - 2:57
2 - 26% - 40% - 1:01
PK3 Forward
1 - 0% - 60%
2 - 0% - 40%
PK3 Defense
1 - 0% - 60%
2 - 0% - 40%
44 Forward
1 - 0% - 60%
2 - 0% - 40%
44 Defense
1 - 0% - 60%
2 - 0% - 40%
Last Minute Offensive - 0:00
Last Minute Defensive - 0:00
Total
Forward - 60:00
Defense - 60:00
|
% Time on Ice - Rocket
Lines # - Real PCT - Wanted PCT - Time Play
Normal Forward
1 - 37% - 40% - 18:23
2 - 28% - 30% - 13:54
3 - 19% - 20% - 9:41
4 - 16% - 10% - 7:50
Normal Defense
1 - 39% - 40% - 19:12
2 - 30% - 30% - 15:01
3 - 27% - 20% - 13:34
4 - 4% - 10% - 2:01
PP Forward
1 - 61% - 60% - 2:24
2 - 39% - 40% - 1:34
PP Defense
1 - 62% - 60% - 2:28
2 - 38% - 40% - 1:30
PK Forward
1 - 75% - 60% - 4:40
2 - 25% - 40% - 1:34
PK Defense
1 - 54% - 60% - 3:22
2 - 46% - 40% - 2:52
PK3 Forward
1 - 0% - 60%
2 - 0% - 40%
PK3 Defense
1 - 0% - 60%
2 - 0% - 40%
44 Forward
1 - 0% - 60%
2 - 0% - 40%
44 Defense
1 - 0% - 60%
2 - 0% - 40%
Last Minute Offensive - 0:00
Last Minute Defensive - 0:00
Total
Forward - 60:00
Defense - 60:00
|
Play-by-Play
1st period
0:01 of 1st period - Andrej Nestrasil wins face-off versus Corey Trivino in neutral zone.
0:08 of 1st period - Slapshot by Teemu Pulkkinen.
0:08 of 1st period - Shot Blocked by Corey Trivino.
0:16 of 1st period - Scott Harrington is hit by Danton Heinen.
0:26 of 1st period - Scott Harrington is hit by Andrei Mironov and loses puck.
0:33 of 1st period - Viktor Loov is hit by Phil Di Giuseppe and loses puck.
0:48 of 1st period - Wrist shot by Jakub Vrana.
0:48 of 1st period - Shot Misses the Net.
1:06 of 1st period - Wrist shot by Juho Lammikko.
1:06 of 1st period - Stopped by Igor Shesterkin without a rebound.
1:07 of 1st period - Tyler Graovac wins face-off versus Karson Kuhlman in Rocket zone.
1:32 of 1st period - Andrey Pedan is hit by Adam Ollas-Mattsson and loses puck.
1:51 of 1st period - Wrist shot by Sergey Tolchinsky.
1:51 of 1st period - Stopped by Thatcher Demko without a rebound.
1:52 of 1st period - Adrian Kempe wins face-off versus Teemu Pulkkinen in Comets zone.
2:07 of 1st period - Snap shot by Andrej Nestrasil.
2:07 of 1st period - Stopped by Igor Shesterkin with a rebound.
2:17 of 1st period - Juho Lammikko is hit by Jiri Sekac.
3:04 of 1st period - Snap shot by Adrian Kempe.
3:04 of 1st period - Shot Blocked by Scott Harrington.
3:16 of 1st period - Snap shot by Juuso Riikola.
3:16 of 1st period - Shot Misses the Net.
3:18 of 1st period - Slapshot by Scott Harrington.
3:18 of 1st period - Stopped by Igor Shesterkin with a rebound.
3:20 of 1st period - Slapshot by Scott Harrington.
3:20 of 1st period - Shot Blocked by Peter Holland.
3:22 of 1st period - Snap shot by Mackenzie MacEachern.
3:22 of 1st period - Shot Misses the Net.
3:24 of 1st period - Slapshot by Juuso Riikola.
3:24 of 1st period - Deflect By Peter Holland.
3:24 of 1st period - Stopped by Igor Shesterkin with a rebound.
3:26 of 1st period - Slapshot by Michael Joly.
3:26 of 1st period - Stopped by Igor Shesterkin without a rebound.
3:27 of 1st period - Andrej Nestrasil wins face-off versus Corey Trivino in Rocket zone.
3:36 of 1st period - Snap shot by Andrej Nestrasil.
3:36 of 1st period - Shot Blocked by Corey Trivino.
3:54 of 1st period - Hudson Fasching is hit by Jakub Vrana and loses puck.
4:54 of 1st period - Slapshot by Viktor Loov.
4:54 of 1st period - Shot Misses the Net.
4:56 of 1st period - Slapshot by Andrei Mironov.
4:56 of 1st period - Shot Blocked by Daniil Miromanov.
4:58 of 1st period - Slapshot by Karson Kuhlman.
4:58 of 1st period - Shot Blocked by Dennis Everberg.
5:04 of 1st period - Slapshot by Andrei Mironov.
5:04 of 1st period - Stopped by Thatcher Demko without a rebound.
5:05 of 1st period - Corey Trivino wins face-off versus Nicolas Petan in Comets zone.
5:08 of 1st period - Snap shot by Adrian Kempe.
5:08 of 1st period - Stopped by Thatcher Demko without a rebound.
5:09 of 1st period - Phil Di Giuseppe wins face-off versus Corey Trivino in Comets zone.
5:21 of 1st period - Snap shot by Hudson Fasching.
5:21 of 1st period - Stopped by Igor Shesterkin without a rebound.
5:22 of 1st period - Peter Holland wins face-off versus Andrej Nestrasil in Rocket zone.
5:22 of 1st period - Peter Holland is hit by Andrej Nestrasil.
5:28 of 1st period - Wrist shot by Jiri Sekac.
5:28 of 1st period - Shot Misses the Net.
5:30 of 1st period - Wrist shot by Jiri Sekac.
5:30 of 1st period - Stopped by Thatcher Demko with a rebound.
5:38 of 1st period - Wrist shot by Scott Wilson.
5:38 of 1st period - Stopped by Thatcher Demko with a rebound.
5:56 of 1st period - Snap shot by Danton Heinen.
5:56 of 1st period - Shot Blocked by Juuso Riikola.
6:22 of 1st period - Wrist shot by Ty Rattie.
6:22 of 1st period - Shot Misses the Net.
8:03 of 1st period - Snap shot by Sergey Tolchinsky.
8:03 of 1st period - Shot Misses the Net.
8:11 of 1st period - Karson Kuhlman is hit by Andrej Nestrasil and loses puck.
8:54 of 1st period - Snap shot by Chandler Stephenson.
8:54 of 1st period - Shot Blocked by Dean Kukan.
9:06 of 1st period - Wrist shot by Ty Rattie.
9:06 of 1st period - Deflect By Dominic Turgeon.
9:06 of 1st period - Stopped by Thatcher Demko with a rebound.
9:08 of 1st period - Backhand shot by Jack Glover.
9:08 of 1st period - Stopped by Thatcher Demko without a rebound.
9:09 of 1st period - Dominic Turgeon wins face-off versus Andrej Nestrasil in Comets zone.
9:10 of 1st period - Wrist shot by Jakub Vrana.
9:10 of 1st period - Stopped by Thatcher Demko with a rebound.
10:37 of 1st period - Wrist shot by Tyler Graovac.
10:37 of 1st period - Shot Blocked by Dean Kukan.
10:57 of 1st period - Slapshot by Mackenzie MacEachern.
10:57 of 1st period - Stopped by Igor Shesterkin with a rebound.
10:59 of 1st period - Slapshot by Juuso Riikola.
10:59 of 1st period - Shot Blocked by Dean Kukan.
11:01 of 1st period - Snap shot by Juuso Riikola.
11:01 of 1st period - Stopped by Igor Shesterkin with a rebound.
11:03 of 1st period - Slapshot by Juuso Riikola.
11:03 of 1st period - Deflect By Nicolas Petan.
11:03 of 1st period - Goal by Nicolas Petan - Comets : 1 - Rocket : 0.
11:04 of 1st period - Corey Trivino wins face-off versus Dennis Everberg in neutral zone.
11:39 of 1st period - Wrist shot by Peter Holland.
11:39 of 1st period - Shot Misses the Net.
11:41 of 1st period - Wrist shot by Jiri Sekac.
11:41 of 1st period - Goal by Jiri Sekac - Comets : 1 - Rocket : 1.
11:42 of 1st period - Andrej Nestrasil wins face-off versus Corey Trivino in neutral zone.
11:55 of 1st period - Snap shot by Adrian Kempe.
11:55 of 1st period - Shot Misses the Net.
11:57 of 1st period - Snap shot by Adrian Kempe.
11:57 of 1st period - Shot Misses the Net.
11:59 of 1st period - Snap shot by Adrian Kempe.
11:59 of 1st period - Stopped by Thatcher Demko with a rebound.
12:58 of 1st period - Snap shot by Karson Kuhlman.
12:58 of 1st period - Stopped by Thatcher Demko with a rebound.
13:00 of 1st period - Snap shot by Sergey Tolchinsky.
13:00 of 1st period - Shot Misses the Net.
13:02 of 1st period - Slapshot by Andrey Pedan.
13:02 of 1st period - Stopped by Thatcher Demko with a rebound.
13:12 of 1st period - Slapshot by Adrian Kempe.
13:12 of 1st period - Shot Misses the Net.
13:14 of 1st period - Slapshot by Jack Glover.
13:14 of 1st period - Stopped by Thatcher Demko without a rebound.
13:15 of 1st period - Andrej Nestrasil wins face-off versus Corey Trivino in Comets zone.
13:54 of 1st period - Slapshot by Adrian Kempe.
13:54 of 1st period - Deflect By Dan Renouf.
13:54 of 1st period - Shot Misses the Net.
13:54 of 1st period - Puck is out of play.
13:55 of 1st period - Nicolas Petan wins face-off versus Peter Holland in Comets zone.
14:46 of 1st period - Slapshot by Andrei Mironov.
14:46 of 1st period - Shot Misses the Net.
14:48 of 1st period - Wrist shot by Kole Sherwood.
14:48 of 1st period - Stopped by Thatcher Demko without a rebound.
14:49 of 1st period - Corey Trivino wins face-off versus Andrej Nestrasil in Comets zone.
15:02 of 1st period - Slapshot by Adrian Kempe.
15:02 of 1st period - Stopped by Thatcher Demko with a rebound.
15:04 of 1st period - Snap shot by Andrey Pedan.
15:04 of 1st period - Shot Misses the Net.
15:25 of 1st period - Icing by Hudson Fasching.
15:26 of 1st period - Peter Holland wins face-off versus Nicolas Petan in Comets zone.
15:40 of 1st period - Snap shot by Peter Holland.
15:40 of 1st period - Shot Misses the Net.
15:42 of 1st period - Slapshot by Peter Holland.
15:42 of 1st period - Goal by Peter Holland - Comets : 1 - Rocket : 2.
15:43 of 1st period - Corey Trivino wins face-off versus Andrej Nestrasil in neutral zone.
15:58 of 1st period - Snap shot by Adrian Kempe.
15:58 of 1st period - Shot Blocked by Dennis Everberg.
16:10 of 1st period - Peter Holland is hit by Nicolas Petan and loses puck.
16:15 of 1st period - Wrist shot by Nicolas Petan.
16:15 of 1st period - Shot Blocked by Andrey Pedan.
16:17 of 1st period - Wrist shot by Hudson Fasching.
16:17 of 1st period - Goal by Hudson Fasching - Comets : 2 - Rocket : 2.
16:18 of 1st period - Corey Trivino wins face-off versus Andrej Nestrasil in neutral zone.
17:09 of 1st period - Snap shot by Jakub Vrana.
17:09 of 1st period - Shot Blocked by Sami Niku.
17:14 of 1st period - Off-side.
17:15 of 1st period - Corey Trivino wins face-off versus Andrej Nestrasil in neutral zone.
17:51 of 1st period - Backhand shot by Peter Holland.
17:51 of 1st period - Stopped by Thatcher Demko without a rebound.
17:52 of 1st period - Corey Trivino wins face-off versus Teemu Pulkkinen in Comets zone.
17:57 of 1st period - Snap shot by Danton Heinen.
17:57 of 1st period - Stopped by Thatcher Demko with a rebound.
17:59 of 1st period - Slapshot by Adrian Kempe.
17:59 of 1st period - Stopped by Thatcher Demko with a rebound.
18:01 of 1st period - Wrist shot by Corey Trivino.
18:01 of 1st period - Deflect By Danton Heinen.
18:01 of 1st period - Deflect By Teemu Pulkkinen.
18:01 of 1st period - Stopped by Thatcher Demko without a rebound.
18:02 of 1st period - Corey Trivino wins face-off versus Andrej Nestrasil in Comets zone.
18:05 of 1st period - Wrist shot by Adrian Kempe.
18:05 of 1st period - Shot Misses the Net.
18:07 of 1st period - Wrist shot by Dean Kukan.
18:07 of 1st period - Stopped by Thatcher Demko with a rebound.
18:09 of 1st period - Wrist shot by Dean Kukan.
18:09 of 1st period - Shot Misses the Net.
18:42 of 1st period - Off-side.
18:43 of 1st period - Peter Holland wins face-off versus Nicolas Petan in neutral zone.
18:50 of 1st period - Snap shot by Peter Holland.
18:50 of 1st period - Shot Misses the Net.
18:52 of 1st period - Snap shot by Andrei Mironov.
18:52 of 1st period - Deflect By Jiri Sekac.
18:52 of 1st period - Shot Blocked by Hudson Fasching.
18:52 of 1st period - Puck is out of play.
18:53 of 1st period - Scott Wilson wins face-off versus Nicolas Petan in Comets zone.
18:56 of 1st period - Backhand shot by Peter Holland.
18:56 of 1st period - Shot Blocked by Dan Renouf.
19:07 of 1st period - Minor Penalty to Oliver Kylington for Hooking.
19:08 of 1st period - Corey Trivino wins face-off versus Dennis Everberg in Comets zone.
Goals for this period are 2 for Comets vs 2 for Rocket.
Shots for this period are 10 for Comets vs 21 for Rocket.
2nd period
0:01 of 2nd period - Dennis Everberg wins face-off versus Adrian Kempe in neutral zone.
0:14 of 2nd period - Snap shot by Dennis Everberg.
0:14 of 2nd period - Shot Misses the Net.
0:16 of 2nd period - Snap shot by Teemu Pulkkinen.
0:16 of 2nd period - Shot Blocked by Andrei Mironov.
0:26 of 2nd period - Dennis Everberg is hit by Jiri Sekac and loses puck.
1:07 of 2nd period - Penalty to Oliver Kylington is over, Oliver Kylington is back on ice.
1:33 of 2nd period - Mackenzie MacEachern is hit by Karson Kuhlman and loses puck.
1:38 of 2nd period - Wrist shot by Karson Kuhlman.
1:38 of 2nd period - Shot Misses the Net.
1:40 of 2nd period - Snap shot by Kole Sherwood.
1:40 of 2nd period - Stopped by Thatcher Demko with a rebound.
1:42 of 2nd period - Slapshot by Andrei Mironov.
1:42 of 2nd period - Shot Misses the Net.
2:04 of 2nd period - Dominic Turgeon is hit by Chandler Stephenson and loses puck.
2:25 of 2nd period - Slapshot by Adrian Kempe.
2:25 of 2nd period - Shot Misses the Net.
3:16 of 2nd period - Wrist shot by Mackenzie MacEachern.
3:16 of 2nd period - Stopped by Igor Shesterkin with a rebound.
3:24 of 2nd period - Wrist shot by Tyler Graovac.
3:24 of 2nd period - Shot Misses the Net.
3:26 of 2nd period - Snap shot by Michael Joly.
3:26 of 2nd period - Shot Misses the Net.
3:28 of 2nd period - Wrist shot by Michael Joly.
3:28 of 2nd period - Stopped by Igor Shesterkin with a rebound.
3:30 of 2nd period - Wrist shot by Tyler Graovac.
3:30 of 2nd period - Stopped by Igor Shesterkin without a rebound.
3:31 of 2nd period - Peter Holland wins face-off versus Andrej Nestrasil in Rocket zone.
3:40 of 2nd period - Slapshot by Jiri Sekac.
3:40 of 2nd period - Shot Blocked by Juuso Riikola.
3:42 of 2nd period - Snap shot by Scott Wilson.
3:42 of 2nd period - Shot Blocked by Dennis Everberg.
4:25 of 2nd period - Juuso Riikola is hit by Kole Sherwood and loses puck.
5:02 of 2nd period - Snap shot by Jiri Sekac.
5:02 of 2nd period - Deflect By Peter Holland.
5:02 of 2nd period - Shot Misses the Net.
5:02 of 2nd period - Puck is out of play.
5:03 of 2nd period - Peter Holland wins face-off versus Andrej Nestrasil in Comets zone.
5:10 of 2nd period - Snap shot by Teemu Pulkkinen.
5:10 of 2nd period - Stopped by Igor Shesterkin without a rebound.
5:11 of 2nd period - Andrej Nestrasil wins face-off versus Corey Trivino in Rocket zone.
5:18 of 2nd period - Slapshot by Dennis Everberg.
5:18 of 2nd period - Shot Misses the Net.
5:20 of 2nd period - Snap shot by Andrej Nestrasil.
5:20 of 2nd period - Stopped by Igor Shesterkin with a rebound.
5:22 of 2nd period - Snap shot by Andrej Nestrasil.
5:22 of 2nd period - Stopped by Igor Shesterkin without a rebound.
5:23 of 2nd period - Danton Heinen wins face-off versus Andrej Nestrasil in Rocket zone.
5:25 of 2nd period - Minor Penalty to Adrian Kempe for Roughing.
5:26 of 2nd period - Andrej Nestrasil wins face-off versus Karson Kuhlman in Rocket zone.
7:25 of 2nd period - Penalty to Adrian Kempe is over, Adrian Kempe is back on ice.
8:23 of 2nd period - Snap shot by Jiri Sekac.
8:23 of 2nd period - Stopped by Thatcher Demko with a rebound.
8:25 of 2nd period - Snap shot by Andrey Pedan.
8:25 of 2nd period - Stopped by Thatcher Demko without a rebound.
8:26 of 2nd period - Karson Kuhlman wins face-off versus Teemu Pulkkinen in Comets zone.
8:53 of 2nd period - Slapshot by Chandler Stephenson.
8:53 of 2nd period - Stopped by Igor Shesterkin with a rebound.
9:14 of 2nd period - Backhand shot by Mackenzie MacEachern.
9:14 of 2nd period - Stopped by Igor Shesterkin with a rebound.
9:16 of 2nd period - Wrist shot by Mackenzie MacEachern.
9:16 of 2nd period - Stopped by Igor Shesterkin without a rebound.
9:17 of 2nd period - Karson Kuhlman wins face-off versus Tyler Graovac in Rocket zone.
10:06 of 2nd period - Slapshot by Juho Lammikko.
10:06 of 2nd period - Stopped by Igor Shesterkin with a rebound.
10:08 of 2nd period - Snap shot by Kurtis Macdermid.
10:08 of 2nd period - Stopped by Igor Shesterkin without a rebound.
10:09 of 2nd period - Dominic Turgeon wins face-off versus Chandler Stephenson in Rocket zone.
10:21 of 2nd period - Dominic Turgeon is hit by Kurtis Macdermid and loses puck.
10:52 of 2nd period - Snap shot by Sergey Tolchinsky.
10:52 of 2nd period - Deflect By Kole Sherwood.
10:52 of 2nd period - Shot Blocked by Juuso Riikola.
10:52 of 2nd period - Puck is out of play.
10:53 of 2nd period - Corey Trivino wins face-off versus Dennis Everberg in Comets zone.
11:02 of 2nd period - Snap shot by Adrian Kempe.
11:02 of 2nd period - Shot Misses the Net.
11:04 of 2nd period - Wrist shot by Adrian Kempe.
11:04 of 2nd period - Stopped by Thatcher Demko without a rebound.
11:05 of 2nd period - Corey Trivino wins face-off versus Andrej Nestrasil in Comets zone.
11:06 of 2nd period - Snap shot by Danton Heinen.
11:06 of 2nd period - Stopped by Thatcher Demko with a rebound.
11:08 of 2nd period - Slapshot by Viktor Loov.
11:08 of 2nd period - Deflect By Corey Trivino.
11:08 of 2nd period - Stopped by Thatcher Demko with a rebound.
11:10 of 2nd period - Snap shot by Corey Trivino.
11:10 of 2nd period - Deflect By Danton Heinen.
11:10 of 2nd period - Shot Blocked by Teemu Pulkkinen.
11:10 of 2nd period - Puck is out of play.
11:11 of 2nd period - Andrej Nestrasil wins face-off versus Corey Trivino in Comets zone.
11:28 of 2nd period - Slapshot by Corey Trivino.
11:28 of 2nd period - Goal by Corey Trivino - Comets : 2 - Rocket : 3.
11:29 of 2nd period - Corey Trivino wins face-off versus Andrej Nestrasil in neutral zone.
11:36 of 2nd period - Snap shot by Dennis Everberg.
11:36 of 2nd period - Stopped by Igor Shesterkin without a rebound.
11:37 of 2nd period - Andrej Nestrasil wins face-off versus Corey Trivino in Rocket zone.
11:49 of 2nd period - Minor Penalty to Danton Heinen for Slashing.
11:50 of 2nd period - Andrej Nestrasil wins face-off versus Karson Kuhlman in Rocket zone.
12:04 of 2nd period - Wrist shot by Andrej Nestrasil.
12:04 of 2nd period - Stopped by Igor Shesterkin with a rebound.
12:06 of 2nd period - Snap shot by Teemu Pulkkinen.
12:06 of 2nd period - Goal by Teemu Pulkkinen - Comets : 3 - Rocket : 3.
12:07 of 2nd period - Andrej Nestrasil wins face-off versus Danton Heinen in neutral zone.
13:30 of 2nd period - Minor Penalty to Dan Renouf for Hooking.
13:31 of 2nd period - Dennis Everberg wins face-off versus Corey Trivino in Comets zone.
13:42 of 2nd period - Slapshot by Viktor Loov.
13:42 of 2nd period - Stopped by Thatcher Demko without a rebound.
13:43 of 2nd period - Dennis Everberg wins face-off versus Corey Trivino in Comets zone.
14:00 of 2nd period - Slapshot by Andrei Mironov.
14:00 of 2nd period - Shot Misses the Net.
14:54 of 2nd period - Sami Niku is hit by Andrey Pedan and loses puck.
15:27 of 2nd period - Scott Harrington is hit by Jiri Sekac and loses puck.
15:30 of 2nd period - Penalty to Dan Renouf is over, Dan Renouf is back on ice.
15:43 of 2nd period - Andrey Pedan is hit by Juuso Riikola and loses puck.
16:21 of 2nd period - Dan Renouf is hit by Scott Wilson and loses puck.
16:49 of 2nd period - Icing by Daniil Miromanov.
16:50 of 2nd period - Juho Lammikko wins face-off versus Corey Trivino in Comets zone.
17:36 of 2nd period - Juuso Riikola is hit by Ty Rattie and loses puck.
17:55 of 2nd period - Adam Ollas-Mattsson is hit by Adrian Kempe and loses puck.
18:39 of 2nd period - Snap shot by Peter Holland.
18:39 of 2nd period - Stopped by Thatcher Demko with a rebound.
18:41 of 2nd period - Slapshot by Viktor Loov.
18:41 of 2nd period - Shot Blocked by William Lagesson.
19:37 of 2nd period - Jiri Sekac is hit by Dennis Everberg and loses puck.
19:47 of 2nd period - Off-side.
19:48 of 2nd period - Chandler Stephenson wins face-off versus Adrian Kempe in neutral zone.
19:51 of 2nd period - Slapshot by Oliver Kylington.
19:51 of 2nd period - Stopped by Igor Shesterkin without a rebound.
19:52 of 2nd period - Corey Trivino wins face-off versus Chandler Stephenson in Rocket zone.
19:52 of 2nd period - Corey Trivino is hit by Chandler Stephenson.
Goals for this period are 1 for Comets vs 1 for Rocket.
Shots for this period are 15 for Comets vs 9 for Rocket.
3rd period
0:01 of 3rd period - Andrej Nestrasil wins face-off versus Corey Trivino in neutral zone.
0:04 of 3rd period - Danton Heinen is hit by Andrej Nestrasil and loses puck.
0:31 of 3rd period - Slapshot by Oliver Kylington.
0:31 of 3rd period - Shot Misses the Net.
0:39 of 3rd period - Nicolas Petan is hit by Andrey Pedan and loses puck.
1:18 of 3rd period - Snap shot by Sergey Tolchinsky.
1:18 of 3rd period - Shot Misses the Net.
1:20 of 3rd period - Slapshot by Andrey Pedan.
1:20 of 3rd period - Deflect By Kole Sherwood.
1:20 of 3rd period - Deflect By Scott Harrington.
1:20 of 3rd period - Shot Blocked by Juuso Riikola.
1:20 of 3rd period - Puck is out of play.
1:21 of 3rd period - Andrej Nestrasil wins face-off versus Corey Trivino in Comets zone.
1:21 of 3rd period - Andrej Nestrasil is hit by Adrian Kempe.
1:35 of 3rd period - Wrist shot by Teemu Pulkkinen.
1:35 of 3rd period - Stopped by Igor Shesterkin without a rebound.
1:36 of 3rd period - Andrej Nestrasil wins face-off versus Peter Holland in Rocket zone.
1:39 of 3rd period - Wrist shot by Teemu Pulkkinen.
1:39 of 3rd period - Shot Blocked by Andrei Mironov.
1:41 of 3rd period - Snap shot by Andrej Nestrasil.
1:41 of 3rd period - Goal by Andrej Nestrasil - Comets : 4 - Rocket : 3.
1:42 of 3rd period - Andrej Nestrasil wins face-off versus Corey Trivino in neutral zone.
2:05 of 3rd period - Minor Penalty to Corey Trivino for High sticking.
2:06 of 3rd period - Andrej Nestrasil wins face-off versus Karson Kuhlman in Rocket zone.
3:07 of 3rd period - Wrist shot by Adrian Kempe.
3:07 of 3rd period - Stopped by Thatcher Demko without a rebound.
3:08 of 3rd period - Teemu Pulkkinen wins face-off versus Jakub Vrana in Comets zone.
3:35 of 3rd period - Scott Wilson is hit by Hudson Fasching and loses puck.
4:05 of 3rd period - Penalty to Corey Trivino is over, Corey Trivino is back on ice.
4:14 of 3rd period - Wrist shot by Tyler Graovac.
4:14 of 3rd period - Stopped by Igor Shesterkin without a rebound.
4:15 of 3rd period - Tyler Graovac wins face-off versus Corey Trivino in Rocket zone.
4:16 of 3rd period - Backhand shot by Mackenzie MacEachern.
4:16 of 3rd period - Shot Hit the Post.
4:18 of 3rd period - Snap shot by Tyler Graovac.
4:18 of 3rd period - Shot Blocked by Dean Kukan.
4:20 of 3rd period - Backhand shot by Tyler Graovac.
4:20 of 3rd period - Shot Blocked by Danton Heinen.
4:40 of 3rd period - Dennis Everberg is hit by Jack Glover and loses puck.
4:59 of 3rd period - Slapshot by Jack Glover.
4:59 of 3rd period - Stopped by Thatcher Demko with a rebound.
5:01 of 3rd period - Wrist shot by Peter Holland.
5:01 of 3rd period - Stopped by Thatcher Demko without a rebound.
5:02 of 3rd period - Peter Holland wins face-off versus Nicolas Petan in Comets zone.
5:07 of 3rd period - Backhand shot by Peter Holland.
5:07 of 3rd period - Stopped by Thatcher Demko with a rebound.
5:13 of 3rd period - Snap shot by Phil Di Giuseppe.
5:13 of 3rd period - Stopped by Igor Shesterkin with a rebound.
5:15 of 3rd period - Snap shot by Nicolas Petan.
5:15 of 3rd period - Goal by Nicolas Petan - Comets : 5 - Rocket : 3.
5:16 of 3rd period - Corey Trivino wins face-off versus Andrej Nestrasil in neutral zone.
5:41 of 3rd period - Juuso Riikola is hit by Scott Wilson.
5:49 of 3rd period - Slapshot by Nicolas Petan.
5:49 of 3rd period - Shot Blocked by Viktor Loov.
5:51 of 3rd period - Slapshot by Dan Renouf.
5:51 of 3rd period - Deflect By Peter Holland.
5:51 of 3rd period - Stopped by Igor Shesterkin with a rebound.
6:08 of 3rd period - Andrei Mironov is hit by Juho Lammikko and loses puck.
6:25 of 3rd period - Wrist shot by Teemu Pulkkinen.
6:25 of 3rd period - Shot Misses the Net.
6:53 of 3rd period - Snap shot by Karson Kuhlman.
6:53 of 3rd period - Stopped by Thatcher Demko without a rebound.
6:54 of 3rd period - Andrej Nestrasil wins face-off versus Corey Trivino in Comets zone.
7:03 of 3rd period - Snap shot by Corey Trivino.
7:03 of 3rd period - Stopped by Thatcher Demko without a rebound.
7:04 of 3rd period - Corey Trivino wins face-off versus Andrej Nestrasil in Comets zone.
7:07 of 3rd period - Wrist shot by Adrian Kempe.
7:07 of 3rd period - Shot Misses the Net.
7:09 of 3rd period - Wrist shot by Danton Heinen.
7:09 of 3rd period - Stopped by Thatcher Demko without a rebound.
7:10 of 3rd period - Andrej Nestrasil wins face-off versus Corey Trivino in Comets zone.
7:50 of 3rd period - Snap shot by Phil Di Giuseppe.
7:50 of 3rd period - Deflect By Scott Wilson.
7:50 of 3rd period - Shot Blocked by Dean Kukan.
7:50 of 3rd period - Puck is out of play.
7:51 of 3rd period - Corey Trivino wins face-off versus Chandler Stephenson in Rocket zone.
8:06 of 3rd period - Wrist shot by Adrian Kempe.
8:06 of 3rd period - Shot Misses the Net.
8:18 of 3rd period - Dan Renouf is hit by Viktor Loov and loses puck.
9:03 of 3rd period - Wrist shot by Tyler Graovac.
9:03 of 3rd period - Stopped by Igor Shesterkin with a rebound.
9:05 of 3rd period - Backhand shot by Michael Joly.
9:05 of 3rd period - Stopped by Igor Shesterkin without a rebound.
9:06 of 3rd period - Corey Trivino wins face-off versus Tyler Graovac in Rocket zone.
9:36 of 3rd period - Minor Penalty to Jack Glover for Cross-checking.
9:37 of 3rd period - Karson Kuhlman wins face-off versus Andrej Nestrasil in Rocket zone.
10:07 of 3rd period - Slapshot by Juuso Riikola.
10:07 of 3rd period - Deflect By Nicolas Petan.
10:07 of 3rd period - Stopped by Igor Shesterkin with a rebound.
11:00 of 3rd period - Icing by Andrej Nestrasil.
11:01 of 3rd period - Karson Kuhlman wins face-off versus Andrej Nestrasil in Comets zone.
11:04 of 3rd period - Wrist shot by Jakub Vrana.
11:04 of 3rd period - Stopped by Thatcher Demko without a rebound.
11:05 of 3rd period - Nicolas Petan wins face-off versus Karson Kuhlman in Comets zone.
11:26 of 3rd period - Andrey Pedan is hit by Andrej Nestrasil and loses puck.
11:36 of 3rd period - Penalty to Jack Glover is over, Jack Glover is back on ice.
11:49 of 3rd period - Wrist shot by Juho Lammikko.
11:49 of 3rd period - Stopped by Igor Shesterkin with a rebound.
11:51 of 3rd period - Wrist shot by Chandler Stephenson.
11:51 of 3rd period - Goal by Chandler Stephenson - Comets : 6 - Rocket : 3.
11:52 of 3rd period - Corey Trivino wins face-off versus Andrej Nestrasil in neutral zone.
12:01 of 3rd period - Snap shot by Adrian Kempe.
12:01 of 3rd period - Stopped by Thatcher Demko with a rebound.
12:03 of 3rd period - Slapshot by Adrian Kempe.
12:03 of 3rd period - Stopped by Thatcher Demko with a rebound.
12:23 of 3rd period - Snap shot by Nicolas Petan.
12:23 of 3rd period - Stopped by Igor Shesterkin without a rebound.
12:24 of 3rd period - Peter Holland wins face-off versus Hudson Fasching in Rocket zone.
12:31 of 3rd period - Wrist shot by Hudson Fasching.
12:31 of 3rd period - Goal by Hudson Fasching - Comets : 7 - Rocket : 3.
12:32 of 3rd period - Corey Trivino wins face-off versus Andrej Nestrasil in neutral zone.
12:59 of 3rd period - Phil Di Giuseppe is hit by Jiri Sekac and loses puck.
13:28 of 3rd period - Chandler Stephenson is hit by Karson Kuhlman and loses puck.
13:41 of 3rd period - Jack Glover is hit by Scott Harrington and loses puck.
13:54 of 3rd period - Tyler Graovac is hit by Dominic Turgeon and loses puck.
14:11 of 3rd period - Slapshot by Adrian Kempe.
14:11 of 3rd period - Shot Blocked by Sami Niku.
14:37 of 3rd period - Snap shot by Hudson Fasching.
14:37 of 3rd period - Shot Blocked by Scott Wilson.
14:47 of 3rd period - Karson Kuhlman is hit by Kurtis Macdermid and loses puck.
16:25 of 3rd period - Snap shot by Chandler Stephenson.
16:25 of 3rd period - Deflect By Juho Lammikko.
16:25 of 3rd period - Shot Misses the Net.
16:25 of 3rd period - Puck is out of play.
16:26 of 3rd period - Peter Holland wins face-off versus Chandler Stephenson in Rocket zone.
17:01 of 3rd period - Snap shot by Chandler Stephenson.
17:01 of 3rd period - Deflect By Juho Lammikko.
17:01 of 3rd period - Deflect By Dylan DeMelo.
17:01 of 3rd period - Shot Misses the Net.
17:01 of 3rd period - Puck is out of play.
17:02 of 3rd period - Andrej Nestrasil wins face-off versus Corey Trivino in Rocket zone.
17:31 of 3rd period - Wrist shot by Nicolas Petan.
17:31 of 3rd period - Shot Misses the Net.
17:33 of 3rd period - Slapshot by Oliver Kylington.
17:33 of 3rd period - Shot Misses the Net.
17:35 of 3rd period - Snap shot by Phil Di Giuseppe.
17:35 of 3rd period - Deflect By Hudson Fasching.
17:35 of 3rd period - Shot Blocked by Andrei Mironov.
17:35 of 3rd period - Puck is out of play.
17:36 of 3rd period - Andrej Nestrasil wins face-off versus Peter Holland in Rocket zone.
18:08 of 3rd period - Slapshot by Phil Di Giuseppe.
18:08 of 3rd period - Stopped by Igor Shesterkin with a rebound.
18:24 of 3rd period - Snap shot by Jakub Vrana.
18:24 of 3rd period - Goal by Jakub Vrana - Comets : 7 - Rocket : 4.
18:25 of 3rd period - Corey Trivino wins face-off versus Andrej Nestrasil in neutral zone.
18:32 of 3rd period - Wrist shot by Andrej Nestrasil.
18:32 of 3rd period - Shot Misses the Net.
18:34 of 3rd period - Snap shot by Teemu Pulkkinen.
18:34 of 3rd period - Goal by Teemu Pulkkinen - Comets : 8 - Rocket : 4.
18:35 of 3rd period - Corey Trivino wins face-off versus Andrej Nestrasil in neutral zone.
19:09 of 3rd period - Juuso Riikola is hit by Andrey Pedan and loses puck.
19:22 of 3rd period - Wrist shot by Teemu Pulkkinen.
19:22 of 3rd period - Stopped by Igor Shesterkin with a rebound.
19:26 of 3rd period - Snap shot by Dennis Everberg.
19:26 of 3rd period - Stopped by Igor Shesterkin with a rebound.
19:50 of 3rd period - Wrist shot by Andrej Nestrasil.
19:50 of 3rd period - Stopped by Igor Shesterkin with a rebound.
19:52 of 3rd period - Snap shot by Andrej Nestrasil.
19:52 of 3rd period - Shot Misses the Net.
19:54 of 3rd period - Slapshot by Juuso Riikola.
19:54 of 3rd period - Stopped by Igor Shesterkin with a rebound.
19:56 of 3rd period - Slapshot by Dennis Everberg.
19:56 of 3rd period - Shot Blocked by Andrey Pedan.
19:58 of 3rd period - Slapshot by Scott Harrington.
19:58 of 3rd period - Deflect By Andrey Pedan.
19:58 of 3rd period - Stopped by Igor Shesterkin with a rebound.
Goals for this period are 5 for Comets vs 1 for Rocket.
Shots for this period are 20 for Comets vs 11 for Rocket.